details: 'AS'

« prev index next »

General information

Mini Map

Players

team 1
UndeadMaSiWei (orange | 187 APM | 2085 actions | 11:10)
Hero icon 3 Death Knight
Ability icon 2 Death Coil
Ability icon 1 Unholy Aura
Hero icon 1 Lich
Ability icon 1 Frost Armor

» actions
Assign group hotkey29
Basic commands133
Build / train34
Enter build submenu12
Enter hero's abilities submenu4
Remove unit from queue1
Right click873
Select / deselect406
Select group hotkey523
Use ability70
2085 total
» units
Acolyte2
Ghoul2
Crypt Fiend12
Forest Troll Berserker1
Obsidian Statue2
19 total
» upgrades
Creature Attack1
Web1
Burrow1
3 total
» buildings
Crypt1
Graveyard1
Altar of Darkness1
Ziggurat4
Tomb of Relics1
Nerubian Tower1
Halls of the Dead1
Slaughterhouse1
Black Citadel1
12 total
» build order
00:05 Crypt
00:12 Graveyard
00:40 Altar of Darkness
00:55 Ziggurat
01:22 Tomb of Relics
01:58 Ziggurat
02:16 Nerubian Tower
03:46 Halls of the Dead
04:46 Ziggurat
07:15 Ziggurat
07:32 Slaughterhouse
10:46 Black Citadel
» items
Rod of Necromancy1
Dust of Appearance1
2 total
team 2
Random» OrcFukerInthePuss (red | 66 APM | 733 actions | 11:09)
Hero icon 3 Blademaster
Ability icon 2 Wind Walk
Ability icon 1 Critical Strike
Hero icon 1 Shadow Hunter
Ability icon 1 Hex

» actions
Assign group hotkey16
Basic commands1
Build / train33
Enter build submenu10
Enter hero's abilities submenu4
Remove unit from queue2
Right click406
Select / deselect122
Select group hotkey102
Use ability37
733 total
» units
Peon4
Grunt8
Troll Headhunter/Berserker4
16 total
» upgrades
Ensnare1
1 total
» buildings
Altar of Storms1
Orc Burrow4
Barracks1
Voodoo Lounge1
Stronghold1
War Mill1
Fortress0
Beastiary2
11 total
» build order
00:10 Altar of Storms
00:13 Orc Burrow
01:05 Barracks
01:21 Voodoo Lounge
01:35 Orc Burrow
03:55 Stronghold
03:59 Orc Burrow
04:29 War Mill
05:44 Orc Burrow
06:18 Fortress
07:19 Beastiary
07:53 Beastiary
» items
Healing Salve2
Lesser Clarity Potion1
Potion of Healing4
Potion of Mana1
8 total